 Dungeon Crawl Stone Soup version 0.30-a0-135-g630cfc4551 (webtiles) character file.

Game seed: 15958773118015604913

66 juncz the Magician (level 4, -1/34 HPs)
             Began as a Djinni Conjurer on Sept 21, 2022.
             Slain by Grinder (2 damage)
             ... while paralysed by Grinder
             ... on level 3 of the Dungeon.
             The game lasted 00:02:57 (2113 turns).

juncz the Magician (Djinni Conjurer)                Turns: 2113, Time: 00:02:58

Health: -1/34      AC:  2    Str:  6    XL:     4   Next: 37%
Gold:   70         EV:  2    Int: 21    God:
                   SH:  0    Dex: 12

rFire   + + .      SeeInvis .    (no weapon)
rCold   x . .      Faith    .    (no shield)
rNeg    . . .      Spirit   .    a - +0 robe
rPois   ∞          Reflect  .    (no helmet)
rElec   .          Harm     .    (no cloak)
rCorr   .          Rampage  .    (no gloves)
Will    .....                    (boots unavailable)
Stlth   ++........               (no amulet)
HPRegen 0.11/turn                (no ring)
MPRegen 0.00/turn                (no ring)

@: paralysed, flying
A: sickness immunity, fire resistance 2, cold vulnerability 1, float, innate
caster, HP casting, extra vitality 1
a: no special abilities


You were on level 3 of the Dungeon.
You visited 1 branch of the dungeon, and saw 3 of its levels.

You collected 70 gold pieces.

Inventory:

Missiles
 o - a throwing net
Armour
 a - a +0 robe (worn)
Scrolls
 b - a scroll of enchant weapon {unknown}
 e - 3 scrolls of teleportation
 f - a scroll of butterflies {unknown}
 g - a scroll of summoning {unknown}
 h - 2 scrolls of identify {unknown}
 m - a scroll of blinking {unknown}
Potions
 c - a potion of brilliance {unknown}
 d - a potion of cancellation {unknown}
 i - a potion of curing {unknown}
 j - a potion of berserk rage {unknown}
 k - a potion of flight {unknown}
 l - a potion of lignification {unknown}
 n - a potion of mutation {unknown}
 p - 2 potions of heal wounds {unknown}


   Skills:
 + Level 2.3 Fighting
 - Level 2.2 Dodging
 - Level 1.5 Stealth
 + Level 3.9 Spellcasting


You couldn't memorise any spells.
You knew the following spells:

 Your Spells              Type           Power      Damage    Failure   Level
a - Magic Dart            Conj           80%        1d7       2%          1
b - Searing Ray           Conj           40%        2d5       3%          2
c - Dazzling Flash        Conj/Hex       40%        N/A       8%          3
d - Fulminant Prism       Conj/Hex       10%        3d9       24%         4
e - Iskenderun's Mystic   Conj/Tloc      20%        2d6       24%         4
f - Shock                 Conj/Air       80%        1d8       2%          1
Your spell library was empty.

Dungeon Overview and Level Annotations

Branches:
Dungeon (3/15)

Altars:

Annotations:
D:3 Grinder


Innate Abilities, Weirdness & Mutations

You are immune to sickness and miasma.
You are immune to poison.
Your flesh is very heat resistant. (rF++)
You are vulnerable to cold. (rC-)
You float through the air rather than walking.
You learn spells naturally, not from books.
Your magical power is your life essence.
You have superior vitality. (+4 MHP)


Message History

The hobgoblin shouts!
The adder hisses angrily.
The zap hits the hobgoblin.
The hobgoblin is severely wounded.
The hobgoblin hits you.
The zap hits the hobgoblin.
The hobgoblin is almost dead.
The hobgoblin hits you.
The zap misses the hobgoblin.
The adder closely misses you. The hobgoblin barely misses you.
The zap hits the hobgoblin.
You kill the hobgoblin!
The adder bites you. The adder bites you but does no damage.
Casting: Shock (safe; 2% risk of failure)
Confirm with . or Enter, or press ? or * to list all spells.
You erupt in a blast of force!
The mystic blast hits the adder.
The adder is moderately wounded.
The adder is knocked back by the mystic blast.
Casting: Iskenderun's Mystic Blast (extremely dangerous; 26% risk of failure)
Confirm with . or Enter, or press ? or * to list all spells.
You miscast Iskenderun's Mystic Blast.
You are very lightly contaminated with residual magic.
Nothing appears to happen.
* * * LOW HITPOINT WARNING * * *
The adder bites you.
* * * LOW HITPOINT WARNING * * *
Grinder comes into view.
Casting: Iskenderun's Mystic Blast (extremely dangerous; 26% risk of failure)
Confirm with . or Enter, or press ? or * to list all spells.
You erupt in a blast of force!
The mystic blast hits the adder!
You kill the adder!
Grinder shouts!
* * * LOW HITPOINT WARNING * * *
Grinder gestures at you.
You suddenly lose the ability to move!
Grinder barely misses you.
Your magical contamination has completely faded away.
Grinder hits you.
* * * LOW HITPOINT WARNING * * *
You writhe in agony.
You die...

#.. .... #.# .... #.#
##.#. ##.###
.....####....
#.#....[..#####
#.............#.........#
#.......5@.# .........#
#......†...# .........#
##.)..†....# .........#
#.........# .........#
#.........# .........#
#.........# .......).#
#.........# ..!....<.#
########### ......†..#
.........#


You could see Grinder.

Vanquished Creatures
  An adder (D:3)
  A gnoll (D:1)
  An orc (D:3)
  3 endoplasms
  3 giant cockroaches
  6 goblins
  5 hobgoblins
  4 jackals (D:2)
  3 kobolds
  3 quokkas
  4 ball pythons (D:1)
  2 bats (D:1)
  3 frilled lizards
  2 rats (D:2)
41 creatures vanquished.

Notes
Turn   | Place    | Note
-------+----------+-------------------------------------------
     0 | D:1      | juncz the Djinni Conjurer began the quest for the Orb.
     0 | D:1      | juncz set off with the following spells memorised: Magic
                  | Dart, Searing Ray, Dazzling Flash, Fulminant Prism,
                  | Iskenderun's Mystic Blast.
     0 | D:1      | Reached XP level 1. HP: 15/15 MP: 0/0
    90 | D:1      | Reached skill level 1 in Fighting
    90 | D:1      | Reached XP level 2. HP: 18/22 MP: 0/0
   522 | D:1      | Reached XP level 3. HP: 26/27 MP: 0/0
   522 | D:1      | Learned a level 1 spell: Shock
  1668 | D:2      | Reached XP level 4. HP: 26/33 MP: 0/0
  2105 | D:3      | Noticed Grinder
  2109 | D:3      | Paralysed by Grinder for 5 turns
  2113 | D:3      | HP: 1/34 [Grinder (2)]
  2113 | D:3      | Slain by Grinder

Illustrated notes

Levels and vault maps discovered:
D:1:      amcnicky_arrival_abandoned_market, layout_basic
D:2:      layout_basic
D:3:      layout_rooms, mainiacjoe_overflow_cross_hatched, minmay_crystal_water,
          uniq_robin, uniq_grinder

Skill      XL: |  1  2  3 |
---------------+----------+-----
Fighting       | 1 2 |  2.3
Dodging        | |  2.2
Stealth        | |  1.5
Spellcasting   | |  3.9

Action                   |  1- 3 |  4- 6 || total
-------------------------+-------+-------++-------
 Cast: Magic Dart        |    21 |       ||    21
       Shock             |    40 |    15 ||    55
       Iskenderun's Myst |       |     2 ||     2
  Use: Scroll            |       |     1 ||     1
Armor: Robe              |     2 |     2 ||     4
Dodge: Dodged            |     7 |     3 ||    10

Table legend: (Time is in decaauts)
 A = Elapsed time spent in this place.
 B = Non-inter-level travel time spent in this place.
 C = Inter-level travel time spent in this place.
 D = Time resting spent in this place.
 E = Time spent auto-exploring this place.
 F = Levels seen in this place.
 G = Mean time per level.
                   A        B        C        D        E       F      G
               +--------+--------+--------+--------+--------+-----+--------+
         Total |   2112 |   2067 |     45 |      5 |   1896 |   3 |  704.0 |
       Dungeon |   2112 |   2067 |     45 |      5 |   1896 |   3 |  704.0 |
               +--------+--------+--------+--------+--------+-----+--------+

Top non-repeatable levels by time:
     D:2: 1101 daAuts
     D:1: 983 daAuts
     D:3: 27 daAuts
